 Dungeon Crawl Stone Soup version 0.31-a0-521-gc7390f8997 (webtiles) character file.

Game seed: 18097256721337704989

3 mopl the Ruffian (level 1, -1/13 HPs)
             Began as an Octopode Shapeshifter on Aug 10, 2023.
             Slain by an adder (2 damage)
             ... on level 2 of the Dungeon.
             The game lasted 00:00:39 (112 turns).

mopl the Ruffian (Octopode Shapeshifter)             Turns: 112, Time: 00:00:40

Health: -1/13      AC:  1    Str: 14    XL:     1   Next: 50%
Magic:  1/1        EV: 13    Int: 10    God:
Gold:   13         SH:  0    Dex: 12    Spells: 0/0 levels left

rFire   . .          .
                       - Unarmed
rCold   . . .        (no shield)
rNeg    . . .        (helmet currently unavailable)
rPois   .            (no amulet)
rElec   .            (no ring)
rCorr   .            (no ring)
SInv    .            (no ring)
Will    .....        (no ring)
Stlth   ++           (no ring)
HPRegen 0.22/turn    (no ring)
MPRegen 0.07/turn    (no ring)
                     (no ring)

%: no passive effects
@: lethally poisoned (-1 -> -7), beast-form
A: beast (slay +2), almost no armour, amphibious, 8 rings, camouflage 1,
gelatinous body 1, (nimble swimmer 1), tentacles
a: Begin Untransformation


You were on level 2 of the Dungeon.
You were a hulking beast.
You visited 1 branch of the dungeon, and saw 2 of its levels.

You collected 13 gold pieces.

Inventory:

Talismans
 b - a beast talisman (active)
 c - a flux talisman
Potions
 a - a potion of lignification {!q}


   Skills:
 + Level 1.0 Fighting
 + Level 2.0 Dodging
 * Level 3.0 Unarmed Combat
 * Level 3.0 Shapeshifting


You couldn't memorise any spells.
You didn't know any spells.
Your spell library was empty.

Dungeon Overview and Level Annotations

Branches:
Dungeon (2/15)

Altars:


Innate Abilities, Weirdness & Mutations

You are a hulking beast.
Your limbs bulge with bestial killing power. (Slay +2)
You cannot wear most types of armour.
You are amphibious.
You can wear up to eight rings at the same time.
Your skin changes colour to match your surroundings (Stealth+).
Your rubbery body absorbs attacks. (AC +1, EV +1)
((You are camouflaged when in or above water. (Stealth+)))
You have tentacles for arms and can constrict up to eight enemies at once.


Message History

You now have 13 gold pieces.
Found a stone staircase leading down.
Found 6 stones.
No target in view!
A sourceless malevolence fills the Dungeon...
You fall into a shaft and drop 1 floor!
The shaft crumbles and collapses.
Found a sling.
Found a stone staircase leading up.
Found a dagger.
A dart slug comes into view.
An adder comes into view.
The adder moves out of view.
Found a helmet.
The helpless dart slug fails to defend itself.
You bludgeon the dart slug!
The adder hisses angrily.
You grab the dart slug.
The dart slug is severely wounded.
You constrict the dart slug, but do no damage.
The dart slug misses you.
You tentacle-slap the dart slug.
You kill the dart slug!
The adder bites you.
You are poisoned.
The adder poisons you!
You bludgeon the adder! Your grab misses the adder.
The adder is severely wounded.
You feel sick. The adder bites you.
You are lethally poisoned!
The adder poisons you!
You are too injured to fight recklessly!
You are too injured to fight recklessly!
You closely miss the adder. Your grab misses the adder.
Your tentacle-slap misses the adder.
The adder is severely wounded.
You feel sick. The adder bites you.
* * * LOW HITPOINT WARNING * * *
The adder bites you.
You die...

#.#.#.#.#.#..#
#.#.........<#
#.#.#.#.#.#..#
#.#..........#
#####.###.###.#..#
..)...#...# #.#..#
##..### #.#..#
#......## #.#..#
####.#. #.#h.#
#... .......S.#
###. ###........
.. #.#.......# ..
.. .......... ..
## ........[#..
.#.#.#.#... .
.............


You could see an adder.

Vanquished Creatures
  A dart slug (D:2)
  A bat (D:1)
2 creatures vanquished.

Notes
Turn   | Place    | Note
-------+----------+-------------------------------------------
     0 | D:1      | mopl the Octopode Shapeshifter began the quest for the Orb.
     0 | D:1      | Reached XP level 1. HP: 13/13 MP: 1/1
    84 | D:1      | You fall into a shaft and drop 1 floor!
   112 | D:2      | Slain by an adder

Illustrated notes

Levels and vault maps discovered:
D:1:      zelgadis_glass_arrival_small, layout_loops_ring,
          shapermc_ecumenical_altar_pompeii, minmay_close_crescents
D:2:      layout_basic, serial_glass, glass_columns_c, glass_columns_c,
          glass_columns_c, glass_columns_c, serial_shops, shop_fountains

Action                     || total
---------------------------++-------
  Melee: Unarmed           ||     5
         Constrict         ||     1
   Stab: Sleeping          ||     1
  Dodge: Dodged            ||     1

Table legend: (Time is in decaauts)
 A = Elapsed time spent in this place.
 B = Non-inter-level travel time spent in this place.
 C = Inter-level travel time spent in this place.
 D = Time resting spent in this place.
 E = Time spent auto-exploring this place.
 F = Levels seen in this place.
 G = Mean time per level.
                   A        B        C        D        E       F      G
               +--------+--------+--------+--------+--------+-----+--------+
         Total |    111 |    106 |      5 |      0 |     84 |   2 |   55.5 |
       Dungeon |    111 |    106 |      5 |      0 |     84 |   2 |   55.5 |
               +--------+--------+--------+--------+--------+-----+--------+

Top non-repeatable levels by time:
     D:1: 84 daAuts
     D:2: 27 daAuts
